Map: Dash and Terminal LE (Void)

Players

Eternity

  • Race: Terran Terran
  • League: Silver

Hermann

  • Race: Protoss Protoss
  • League: Grandmaster

VOD

Have the link to the VOD?

Description

Time

  • Played on: Sept. 22, 2015, 3:36 p.m.
  • Length: 8:15
Show
View Real Time Build Order
Export as new Build Order

Eternity Terran 

Build Orders: MMM Bio 

Get SALT Encoding   

  12  0:01  SCV  
  13  0:13  SCV  
  14  0:17  Supply Depot  
  14  0:25  SCV  
  15  0:34  Refinery  
  15  0:39  SCV  
  16  0:45  Barracks  
  16  0:51  SCV  
  17  1:03  SCV  
  18  1:15  SCV  
  19  1:28  SCV  
  20  1:33  Reaper  
  21  1:41  Command Center  
  21  1:46  Orbital Command  
  21  2:09  Barracks Reactor, Supply Depot  
  21  2:13  SCV  
  22  2:26  SCV  
  23  2:34  Bunker  
  23  2:45  Marine  
  23  2:46  Engineering Bay, Barracks, Marine  
  25  2:56  Orbital Command  
  25  2:58  Barracks  
  25  3:06  SCV  
  25  3:07  Marine x2  
  28  3:19  Missile Turret  
  27  3:24  SCV x2  
  29  3:31  Refinery  
  29  3:32  Marine x2  
  31  3:34  Barracks Tech Lab  
  31  3:36  SCV  
  31  3:38  SCV  
  33  3:47  Barracks Tech Lab  
  33  3:49  SCV  
  34  3:58  Supply Depot  
  34  4:00  SCV, Marine, Supply Depot  
  34  4:01  Marauder, Marine  
  34  4:02  Stimpack  
  39  4:04  SCV  
  39  4:05  Combat Shields  
  40  4:12  SCV  
  41  4:19  SCV  
  41  4:20  Marauder, Marine x2  
  41  4:21  Bunker  
  46  4:26  SCV  
  46  4:28  Marauder  
  49  4:31  SCV  
  49  4:33  Supply Depot  
  49  4:36  Factory  
  50  4:39  SCV  
  50  4:43  SCV  
  41  4:54  SCV  
  41  4:55  SCV  
  41  4:57  Marine, Marauder x2  
  41  4:58  Marine  
  49  5:06  SCV  
  50  5:08  SCV  
  50  5:13  Supply Depot  
  51  5:18  SCV  
  51  5:20  SCV  
  53  5:23  Factory Reactor  
  53  5:24  Starport  
  53  5:27  Marauder  
  53  5:28  Marauder  
  57  5:30  SCV  
  46  5:54  Marine x2, Marauder x2  
  47  6:09  Supply Depot  
  47  6:11  Marine  
  47  6:15  Marauder x2  
  46  6:25  Marine  
  34  6:29  Marine, Medivac x2  
  35  6:36  Marauder  
  37  6:41  SCV  
  19  7:09  SCV  
  19  7:10  SCV  
  21  7:22  SCV x2  
  22  7:29  Marauder x2, Marine x2  
  28  7:34  SCV  
  28  7:35  Medivac  
  29  7:45  Widow Mine  
  29  7:46  SCV  
  32  7:58  SCV  
Show
View Real Time Build Order
Export as new Build Order

Hermann Protoss 

Build Orders: Mass Adepts 

Get SALT Encoding   

  12  0:00  Probe (Chrono Boost)  
  13  0:10  Probe (Chrono Boost)  
  14  0:18  Pylon  
  14  0:21  Probe (Chrono Boost)  
  15  0:31  Assimilator  
  15  0:35  Probe (Chrono Boost)  
  16  0:44  Gateway  
  16  0:47  Probe (Chrono Boost)  
  17  0:57  Probe (Chrono Boost)  
  18  1:07  Probe (Chrono Boost)  
  19  1:13  Pylon  
  19  1:17  Probe (Chrono Boost)  
  20  1:27  Probe (Chrono Boost)  
  20  1:31  Cybernetics Core  
  20  1:32  Zealot (Chrono Boost)  
  21  1:37  Probe (Chrono Boost)  
  24  1:53  Gateway  
  24  2:03  Warp Gate (Chrono Boost)  
  24  2:06  Stalker (Chrono Boost)  
  26  2:12  Gateway  
  26  2:18  Gateway  
  25  2:34  Stalker, Gateway  
  27  2:41  Pylon  
  27  2:49  Stalker  
  29  2:58  Stalker  
  29  3:04  Stalker  
  33  3:11  Probe  
  32  3:23  Probe  
  33  3:52  Pylon  
  33  4:01  Adept  
  35  4:05  Adept x2  
  39  4:13  Pylon  
  39  4:19  Gateway  
  39  4:21  Adept  
  39  4:22  Adept  
  39  4:23  Adept  
  33  4:53  Adept x4  
  33  4:54  Adept  
  43  5:12  Stalker  
  45  5:15  Stalker  
  45  5:16  Zealot x2  
  51  5:21  Zealot  
  43  5:42  Stalker  
  43  5:43  Stalker  
  43  5:44  Zealot  
  45  5:58  Adept, Zealot  
  45  6:22  Adept x3  
  45  6:23  Zealot  
  39  6:42  Adept  
  39  6:43  Adept  
  39  6:46  Zealot  
  45  6:48  Adept  
  33  7:02  Adept  
  33  7:03  Adept  
  37  7:14  Adept  
  37  7:15  Zealot  
  41  7:29  Zealot x2  
  41  7:41  Adept  
  41  7:42  Adept  
  45  7:58  Adept x2  
  45  7:59  Adept  
Tags
 
Add a new tag
Caveats
  • Supply blocks, unpowered buildings, or Contaminate may cause inaccurate times.
  • Supply counts are checked every 10 seconds.